 Dungeon Crawl Stone Soup version bcrawl-1.13.2 (webtiles) character file.

Game seed: 13384526785276877557

54 Felnil the Covered (level 3, -8/23 HPs)
             Began as a Skeleton Fighter on Aug 10, 2019.
             Killed by divine providence
             ... invoked by an orc priest
              (13 damage)
             ... on level 3 of the Dungeon.
             The game lasted 00:03:36 (1615 turns).

Felnil the Covered (Skeleton Fighter)               Turns: 1615, Time: 00:03:37

Health: -8/23      AC:  9    Str: 21 (23) XL:     3   Next: 66%
Magic:  0/3        EV:  8    Int:  6      God:
Gold:   207        SH:  9    Dex:  7 (8)  Spells: 2/2 levels left

rFire    . . .     SeeInvis .   a - +0 rapier
rCold    + . .     Gourm    .   c - +0 shield
rNeg     + + +     Faith    .   b - +0 scale mail
rPois    ∞         Spirit   +   (no helmet)
rElec    .         Reflect  .   i - +1 cloak
rCorr    .         Harm     .   (no gloves)
MR       .....                  (no boots)
Stlth    ..........             (no amulet)
HPRegen  0.07/turn              m - ring of attention (curse)
MPRegen  0.08/turn              (no ring)

@: no status effects
A: no food or potions, cold resistance 1, deterioration 1, negative energy
resistance 3, torment resistance, unbreathing, magic shield, sturdy frame 1,
spell healing
a: no special abilities


You were on level 3 of the Dungeon.
You were not hungry.

You visited 1 branch of the dungeon, and saw 3 of its levels.

You collected 207 gold pieces.

Inventory:

Hand Weapons
 a - a +0 rapier (weapon)
Missiles
 f - 220 poisoned needles
Armour
 b - a +0 scale mail (worn)
 c - a +0 shield (worn)
 i - a +1 cloak (worn)
Jewellery
 m - a cursed ring of attention (left hand)
Scrolls
 d - 3 scrolls of remove curse {unknown}
 e - a scroll of fear {unknown}
 g - a scroll of amnesia {unknown}
 h - a scroll of fog {unknown}
 j - a scroll of enchant weapon {unknown}
 k - 2 scrolls of identify {unknown}
 l - a scroll of teleportation {unknown}


   Skills:
 - Level 3.0 Fighting
 - Level 2.4 Short Blades
 + Level 5.2 Armour
 - Level 3.6 Shields


You had 2 spell levels left.
You didn't know any spells.
Your spell library was empty.

Dungeon Overview and Level Annotations

Branches:
Dungeon (3/12)

Altars:

Annotations:
D:3 3 runed translucent doors, flt's ghost, amateur DsAc


Innate Abilities, Weirdness & Mutations

You do not eat or drink.
You are immune to poison.
Your flesh is cold resistant. (rC+)
Your body sometimes deteriorates upon taking damage.
You are immune to negative energy. (rN+++)
You are immune to unholy pain and torment.
You can survive without breathing.
When hurt, damage is shared between your health and your magic reserves.
Your movements are slightly less encumbered by armour. (ER -2)
Casting spells heals you.


Message History

You block the orc wizard's attack.
You hit the orc wizard but do no damage.
The orc wizard is severely wounded.
The orc wizard closely misses you. You block the orc wizard's attack.
Your shield prevents you from hitting the orc wizard.
The orc wizard is severely wounded.
The orc wizard hits you but does no damage.
You hit the orc wizard.
The orc wizard is severely wounded.
The orc wizard hits you but does no damage.
You barely miss the orc wizard.
The orc wizard is severely wounded.
You block the orc wizard's attack.
You barely miss the orc wizard.
The orc wizard is severely wounded.
The orc wizard barely misses you.
The orc priest calls down the wrath of Beogh upon you.
Beogh smites you!
Ouch! That really hurt!
You die...

#............. #
#.###........##.##..../..#
#.######..#.##.......#
#.............o....o.#
####......#.##...o...#
#........##...o..
#.....#..# ....
#.....#..###.#######
#.......>@ooK#W....#
#.....#####o.#(...(#
#.....# #..+..(..# #.....#
#..+....♣# #.....#
#..+.(...# #######
#..#...(.# #..#(..♣.#
#.########


You could see an orc priest, an orc wizard, flt's ghost, an orc and a kobold.

Vanquished Creatures
  An adder (D:2)
  A worm (D:2)
  A dart slug (D:2)
  2 leopard geckos
  2 orcs
  3 bats (D:1)
  2 giant cockroaches (D:1)
  4 goblins
  5 hobgoblins
  5 jackals
  A frilled lizard (D:1)
  4 kobolds
  2 rats (D:2)
33 creatures vanquished.

Notes
Turn   | Place    | Note
-------+----------+-------------------------------------------
     0 | D:1      | Felnil the Skeleton Fighter began the quest for the Orb.
     0 | D:1      | Reached XP level 1. HP: 14/14 MP: 1/1
   237 | D:1      | Reached skill level 4 in Armour
   237 | D:1      | Reached XP level 2. HP: 18/19 MP: 2/2
   976 | D:2      | Reached XP level 3. HP: 13/23 MP: 1/3
   999 | D:2      | Reached skill level 5 in Armour
  1581 | D:3      | Found a runed translucent gate.
  1582 | D:3      | Found a runed translucent gate.
  1583 | D:3      | Found a runed translucent gate.
  1583 | D:3      | Noticed flt's ghost (amateur DsAc)
  1615 | D:3      | Killed from afar by an orc priest

Skill      XL: |  1  2  3 |
---------------+----------+-----
Armour         | 4 5 |  5.2
Fighting       | |  3.0
Short Blades   | |  2.4
Shields        | |  3.6

Action                   || total
-------------------------++-------
Melee: Rapier            ||   146
Armor: Scale mail        ||    53
Dodge: Dodged            ||    45
Block: Shield            ||    61
